AoeStats
← shutianchen

Arena

508241667Analyzed
4v4 RM · 11d ago on Sep 21, 2026· 40m 44s· 8 players
Game mode
Random Map
Map size
Large (8 player)
Population
200
Speed
Normal
Resources
Standard
Victory
Conquest
Starting age
Dark Age
Ending age
Imperial Age
RankedLock teamsTeams togetherTeam positionsShared explorationLock speedFull tech treeHidden civsTurbo modeCheats
Victory
Defeat
🇨🇳 Franks · China
1029
+14
🇹🇼 Khmer · Taiwan
959
+17
🇨🇳 Malians · China
954
+17
🇮🇪 Ethiopians · Ireland
952
+18
🇫🇷 Khmer · France
1049
-18
🇵🇪 Spanish · Peru
1010
-18
🇨🇳 Mongols · China
980
-16
🇳🇱 Britons · Netherlands
911
-14
q721372930
11:49 Feudal Age
16:07 Castle Age
15:04 Loom
15:08 Double-Bit Axe
15:19 Horse Collar
25:40 Heavy Plow
26:37 Bow Saw
26:53 Gold Mining
31:30 Gold Shaft Mining
30:46 Stone Mining
33:57 Imperial Age
32:52 Wheelbarrow
32:19 Scale Mail Armor
32:30 Forging
32:52 Squires
32:38 Arson
34:56 Iron Casting
34:37 Chain Mail Armor
33:45 Elite Skirmisher
35:05 Conscription
34:45 Capped Ram
36:53 Thumb Ring
37:19 Plate Mail Armor
36:50 Padded Archer Armor
36:41 Fletching
37:52 Blast Furnace
37:42 Siege Engineers
37:48 Fortified Wall
40:52 Ballistics
41:32 Chemistry
39:59 Siege Ram
945100118
9:47 Feudal Age
13:38 Castle Age
12:10 Double-Bit Axe
21:01 Gold Mining
21:26 Bow Saw
23:03 Wheelbarrow
22:13 Town Watch
22:14 Loom
23:23 Scale Barding Armor
23:29 Forging
24:05 Husbandry
24:44 Chain Barding Armor
25:06 Gold Shaft Mining
26:41 Iron Casting
31:17 Imperial Age
32:12 Hand Cart
31:58 Town Patrol
31:25 Cavalier
35:22 Plate Barding Armor
37:16 Blast Furnace
36:17 Padded Archer Armor
36:07 Fletching
36:39 Ballistics
36:27 Chivalry
shutianchen
11:17 Feudal Age
15:26 Castle Age
13:56 Double-Bit Axe
13:53 Horse Collar
15:17 Stone Mining
15:18 Gold Mining
19:05 Stone Shaft Mining
18:23 Gold Mining
19:40 Wheelbarrow
24:24 Bow Saw
24:22 Heavy Plow
29:26 Imperial Age
27:30 Hand Cart
29:07 Gold Shaft Mining
32:13 Chemistry
31:34 Ballistics
31:27 Double Crossbow
30:49 Elite Ballista Elephant
31:38 Scale Barding Armor
33:16 Husbandry
33:26 Bloodlines
33:39 Chain Barding Armor
33:27 Siege Engineers
35:17 Plate Barding Armor
36:00 Crop Rotation
true my word eye
10:31 Feudal Age
11:36 Double-Bit Axe
16:24 Castle Age
14:48 Stone Mining
15:37 Horse Collar
17:30 Bow Saw
20:14 Heavy Plow
20:33 Gold Mining
22:06 Elite Skirmisher
22:51 Padded Archer Armor
27:13 Fletching
32:43 Imperial Age
30:53 Wheelbarrow
31:04 Leather Archer Armor
30:44 Bodkin Arrow
30:54 Pikeman
31:34 Squires
32:15 Fortified Wall
32:16 Masonry
31:47 Treadmill Crane
32:30 Scale Mail Armor
33:10 Forging
34:46 Iron Casting
34:26 Chain Mail Armor
36:02 Elite Gbeto
38:02 Conscription
38:37 Tigui
39:28 Crop Rotation
41:17 Hand Cart
40:48 Loom
40:48 Town Watch
41:47 Plate Mail Armor
41:50 Ring Archer Armor
Freneticness
5:12 Loom
10:59 Feudal Age
12:51 Double-Bit Axe
15:36 Castle Age
13:31 Horse Collar
17:16 Wheelbarrow
17:26 Gold Mining
21:05 Heavy Plow
21:57 Bow Saw
24:35 Gold Shaft Mining
29:09 Imperial Age
26:57 Hand Cart
26:37 Fletching
26:48 Padded Archer Armor
27:39 Stone Mining
28:41 Bodkin Arrow
29:02 Leather Archer Armor
31:22 Chemistry
30:18 Murder Holes
30:34 Fortified Wall
31:49 Conscription
31:54 Bloodlines
31:45 Husbandry
31:12 Heavy Camel Rider
31:13 Light Cavalry
32:25 Parthian Tactics
32:51 Thumb Ring
32:59 Bracer
34:13 Elite Skirmisher
34:19 Heavy Cavalry Archer
39:24 Ballistics
BillyBadBoy
11:06 Feudal Age
12:21 Loom
12:53 Double-Bit Axe
12:50 Horse Collar
15:17 Castle Age
17:50 Bow Saw
18:56 Horse Collar
21:21 Heavy Plow
24:41 Wheelbarrow
23:53 Town Watch
28:18 Hand Cart
28:03 Town Patrol
30:13 Pikeman
30:53 Squires
30:39 Arson
31:06 Forging
30:57 Scale Mail Armor
30:47 Fletching
30:58 Padded Archer Armor
33:42 Imperial Age
32:29 Crossbowman
33:11 Elite Skirmisher
35:30 Bodkin Arrow
35:50 Leather Archer Armor
36:11 Iron Casting
35:51 Chain Mail Armor
37:42 Chemistry
38:07 Ballistics
LORD PETER
7:50 Loom
11:34 Feudal Age
13:22 Horse Collar
15:51 Castle Age
14:04 Double-Bit Axe
17:49 Heavy Plow
25:09 Fervor
25:30 Bow Saw
28:00 Town Watch
32:42 Imperial Age
35:34 Gold Mining
35:35 Stone Mining
ravi0licru
7:33 Loom
10:24 Feudal Age
13:41 Castle Age
11:50 Double-Bit Axe
12:32 Horse Collar
12:47 Gold Mining
15:23 Wheelbarrow
15:26 Stone Mining
16:23 Heavy Plow
16:37 Bloodlines
19:07 Scale Barding Armor
21:14 Bow Saw
21:46 Forging
22:17 Husbandry
22:12 Town Watch
24:06 Chain Barding Armor
26:19 Iron Casting
27:24 Gold Shaft Mining
28:40 Stone Shaft Mining
28:12 Devotion
28:34 Sanctity
29:43 Hand Cart
31:21 Tusk Swords
37:41 Imperial Age
38:27 Double Crossbow
37:52 Elite Ballista Elephant
38:53 Conscription
40:15 Chemistry
39:37 Ballistics
41:09 Siege Engineers
Connection lost

Rejoining the realm…

Still unreachable

The connection could not be restored.

Session expired

The server has moved on; the page needs a fresh start.